 Dungeon Crawl Stone Soup version 0.19-a0-965-g50bf062 (webtiles) character file.

2462 MrRokkomies the Slasher (level 9, 0/75 HPs)
             Began as a Demigod Ice Elementalist on July 12, 2016.
             Slain by an iguana (9 damage)
             ... on level 7 of the Dungeon.
             The game lasted 00:28:30 (7232 turns).

MrRokkomies the Slasher (Demigod Ice Elementalist)  Turns: 7232, Time: 00:28:30

Health: 0/75       AC: 11    Str: 13    XL:     9   Next: 5%
Magic:  16/16      EV: 10    Int: 23    God:
Gold:   326        SH:  3    Dex: 16    Spells: 3 memorised, 5 levels left

rFire  . . .     SeeInvis .     e - +2 scimitar (freeze)
rCold  . . .     Gourm    .     f - +1 ring mail
rNeg   + . .     Faith    .     u - +0 buckler
rPois  .         Spirit   .     F - +1 helmet
rElec  .         Dismiss  .     i - +1 cloak
rCorr  .         Reflect  .     x - +0 pair of gloves
SustAt +         Harm     .     (no boots)
MR     .....     Rnd*Tele +     g - amulet of magic regeneration
Stlth  +.........               I - ring of positive energy (curse)
                                M - ring of teleportation (curse)

@: drained, not resistant to hostile enchantments, very unstealthy
A: high mp 1, sustain attributes
a: no special abilities


You were on level 7 of the Dungeon.
You were not hungry.

You visited 1 branch of the dungeon, and saw 8 of its levels.

You collected 326 gold pieces.

Inventory:

Hand Weapons
 a - a +1 scimitar of flaming
 e - a +2 scimitar of freezing (weapon)
 m - a +1 dagger of venom
 r - a +2 vampiric long sword
 t - a +0 hunting sling
Missiles
 d - 212 stones (quivered)
 v - 67 sling bullets
Armour
 f - a +1 ring mail (worn)
 i - a +1 cloak (worn)
 u - a +0 buckler (worn)
 x - a +0 pair of gloves (worn)
 F - a +1 helmet (worn)
Magical Staves
 y - an uncursed staff of conjuration
Jewellery
 g - an amulet of magic regeneration (around neck)
 q - a +4 ring of intelligence
 I - a cursed ring of positive energy (right hand)
 K - an uncursed ring of ice
 M - a cursed ring of teleportation (left hand)
Wands
 n - a wand of digging (16/24)
 D - a wand of paralysis (9/24)
 H - a wand of teleportation (9/9)
 J - a wand of teleportation (3/9)
Scrolls
 h - a scroll of immolation
 j - 2 scrolls of enchant weapon
 w - 2 scrolls of amnesia
 G - a scroll of teleportation
Potions
 k - 4 potions of might
 o - a potion of magic
 s - a potion of mutation
 z - a potion of lignification
 A - a potion of brilliance
 E - 2 potions of agility {unknown}
Books
 b - a book of Frost

   Spells                             Type                      Level
   a - Freeze                         Ice                          1
   b - Throw Frost                    Conjuration/Ice              2
   c - Ozocubu's Armour               Charms/Ice                   3
   d - Throw Icicle                   Conjuration/Ice              4
   e - Summon Ice Beast               Ice/Summoning                4
 B - a Necronomicon

   Spells                             Type                      Level
   a - Haunt                          Necromancy/Summoning         7
   b - Borgnjor's Revivification      Necromancy                   8
   c - Death's Door                   Charms/Necromancy            8
   d - Infestation                    Necromancy                   8
   e - Necromutation                  Transmutation/Necromancy     8
Comestibles
 c - 7 bread rations
 l - 4 beef jerkies
 p - a meat ration
 C - 5 fruits


   Skills:
 * Level 6.2(5.6) Fighting
 * Level 7.1(6.5) Long Blades
 - Level 3.6(3.1) Slings
 - Level 1.7(1.2) Dodging
 - Level 1.7(1.2) Stealth
 - Level 2.5(1.9) Spellcasting
   Level 0.8(0.3) Conjurations
 - Level 5.0(4.5) Ice Magic


You had 5 spell levels left.
You knew the following spells:

 Your Spells              Type           Power        Failure   Level  Hunger
a - Freeze                Ice            ###.         10%         1    #......
b - Ozocubu's Armour      Chrm/Ice       ##......     65%         3    ###....
c - Summon Ice Beast      Ice/Summ       ##......     99%         4    #####..


Dungeon Overview and Level Annotations

Branches:
Dungeon (8/15)             Temple (0/1) D:6
   Lair: D:8-11

Shops:
D:7 (


Innate Abilities, Weirdness & Mutations

You have an increased reservoir of magic. (+10% MP)
Your attributes are resistant to harm.


Message History

* * * LOW HITPOINT WARNING * * *
You slash the hound! You freeze the hound.
You kill the hound!
The iguana misses you.
You riposte.
You slash the iguana! You freeze the iguana.
The iguana is heavily wounded.
You hit the iguana. You freeze the iguana.
The iguana is severely wounded.
You block the iguana's attack.
You barely miss the iguana.
The iguana is severely wounded.
The iguana bites you.
* * * LOW HITPOINT WARNING * * *
You hit the iguana but do no damage.
The iguana is severely wounded.
The iguana closely misses you.
You closely miss the iguana.
The iguana is severely wounded.
The iguana bites you!
You die...

#.######....#####..
#.# #.#.## #.. #.#
#.#.# ### #.# #.#.#
# #.# #.#.# # #.#
#.#.######## #.#
#.)).)......
#.########.####..##
#.@lr.......# #..##
####........# #....
#.######.# #..##
#.# #.# ##.# #.#
#.# #.# #.# #.# #.#
####.# #.# #.#
#....# #.# #.#
#.#########.# #.#


You could see an iguana and a quokka.

Vanquished Creatures
  A spriggan (D:7)
  2 phantoms
  3 ogres (D:6)
  A centaur (D:6)
  4 giant frogs
  A scorpion (D:6)
  9 killer bees (D:7)
  3 wights (D:8)
  3 howler monkeys
  A centaur zombie (D:7)
  4 orc priests
  2 hounds (D:7)
  An orc wizard (D:7)
  A quasit (D:5)
  Crazy Yiuf (D:6)
  3 giant frog skeletons
  4 iguanas
  5 worker ants
  A killer bee zombie (D:5)
  2 hound skeletons
  A worker ant zombie (D:6)
  6 gnolls
  4 adders
  A shadow imp (D:5)
  2 oozes
  2 adder skeletons
  3 worms (D:2)
  2 dart slugs
  3 giant geckos
  16 orcs
  3 giant cockroaches
  7 hobgoblins
  6 jackals
  3 kobolds
  4 quokkas
  3 ball pythons
  3 bats (D:2)
  A giant gecko skeleton (D:4)
  4 giant newts
  8 goblins
  A jackal skeleton (D:6)
  5 rats
140 creatures vanquished.

Notes
Turn   | Place    | Note
-------+----------+-------------------------------------------
     0 | D:1      | MrRokkomies the Demigod Ice Elementalist began the quest for the Orb.
     0 | D:1      | Reached XP level 1. HP: 14/14 MP: 5/5
   340 | D:1      | Reached XP level 2. HP: 20/22 MP: 7/7
   959 | D:2      | Noticed a moth of wrath
   961 | D:2      | Found a bloodstained altar of Trog.
  1240 | D:2      | Reached XP level 3. HP: 23/27 MP: 7/9
  1247 | D:2      | Learned a level 3 spell: Ozocubu's Armour
  1248 | D:2      | Found a shadowy altar of Dithmenos.
  1373 | D:2      | Found an iron altar of Okawaru.
  1373 | D:2      | Found a hide-covered altar of Uskayaw.
  1933 | D:3      | Reached skill level 1 in Long Blades
  1933 | D:3      | Reached XP level 4. HP: 16/34 MP: 7/10
  2319 | D:3      | Learned a level 4 spell: Summon Ice Beast
  2421 | D:4      | Reached skill level 1 in Slings
  2430 | D:4      | Reached XP level 5. HP: 29/39 MP: 11/11
  2522 | D:4      | Reached skill level 2 in Long Blades
  2962 | D:4      | Found a basalt altar of Yredelemnul.
  2996 | D:5      | Entered Level 5 of the Dungeon
  3252 | D:5      | Reached XP level 6. HP: 26/46 MP: 12/12
  3399 | D:5      | Reached skill level 3 in Long Blades
  3922 | D:5      | Found a hazy altar of Hepliaklqana.
  3967 | D:5      | Reached skill level 5 in Ice Magic
  4458 | D:6      | Reached skill level 1 in Fighting
  4460 | D:6      | Found a stormy altar of Qazlal.
  4717 | D:6      | Reached skill level 4 in Long Blades
  4717 | D:6      | Reached XP level 7. HP: 40/53 MP: 13/13
  5343 | D:6      | Found a staircase to the Ecumenical Temple.
  5667 | D:6      | Found a glowing golden altar of the Shining One.
  5774 | D:6      | Reached skill level 5 in Long Blades
  5785 | D:6      | Found a runed door.
  5798 | D:6      | You fall through a shaft for 2 floors!
  5809 | D:7      | Reached XP level 8. HP: 56/66 MP: 14/14
  5898 | D:7      | Found a sparkling altar of Nemelex Xobeh.
  6096 | D:7      | Found Fezoe's Antique Weapon Boutique.
  6118 | D:7      | Reached skill level 6 in Long Blades
  6121 | D:7      | Reached skill level 5 in Fighting
  7027 | D:6      | Noticed Crazy Yiuf
  7032 | D:6      | Killed Crazy Yiuf
  7171 | D:8      | Reached skill level 7 in Long Blades
  7171 | D:8      | Reached XP level 9. HP: 45/75 MP: 16/16
  7232 | D:7      | Slain by an iguana

Vault maps used:
D:1:      minmay_arrival_loop
D:2:      lemuel_doored_altar, grunt_temple_overflow_open, tgw_trog
D:3:      minmay_misc_feat_chi, kennysheep_generic_room_5
D:4:      nicolae_overflow_hidden_temple
D:5:      lemuel_round_altar, first_bread, serial_glass, glass_columns_b,
          glass_columns_a
D:6:      lemuel_coloured_pillars_altar, nicolae_tso_swordbearing_angel,
          uniq_crazy_yiuf_cottage
D:7:      kennysheep_mini, serial_shops, nicolae_shop_behind_doors, the_bakery
D:8:      wad_woods_minihive, palyth_temple_overflow_mages, tgw_xom,
          serial_shops, nicolae_shop_crystal

Skill      XL: |  1  2  3  4  5  6  7  8 |
---------------+-------------------------+-----
Spellcasting   | 2 |  2.5
Ice Magic      | 3 4 5 |  5.0
Long Blades    | 1 2 4 5 7 |  7.1
Slings         | 1 2 3 |  3.6
Fighting       | 1 3 6 |  6.2
Dodging        | |  1.7
Stealth        | |  1.7
Conjurations   | |  0.8

Action                   |  1- 3 |  4- 6 |  7- 9 || total
-------------------------+-------+-------+-------++-------
Melee: Hand axe          |    29 |       |       ||    29
       Unarmed           |     7 |       |       ||     7
       Short sword       |    34 |       |       ||    34
       Scimitar          |    71 |   186 |   174 ||   431
       Long sword        |       |       |   150 ||   150
 Fire: Hunting sling     |       |    11 |    22 ||    33
Throw: Stone             |       |     2 |     5 ||     7
 Cast: Freeze            |    12 |     1 |       ||    13
  Use: Scroll            |    10 |     8 |     5 ||    23
       Potion            |     1 |       |     3 ||     4
 Stab: Sleeping          |     2 |       |     1 ||     3
  Eat: Chunk             |     3 |     6 |     7 ||    16
       Fruit             |       |     2 |       ||     2
       Meat ration       |       |       |     1 ||     1
       Bread ration      |       |       |     1 ||     1
Armor: Ring mail         |    42 |    84 |   102 ||   228
Dodge: Dodged            |    89 |   101 |   152 ||   342
Block: Buckler           |       |    18 |    37 ||    55
